Map: Ruins of Seras

Players

Grumm - Winner!

  • Race: Terran Terran
  • League: Gold

A.I. 1 (Harder)

  • Race: Protoss Protoss

VOD

Have the link to the VOD?

Description

Time

  • Played on: Feb. 7, 2016, 2:06 a.m.
  • Length: 25:59
Show
View Real Time Build Order
Export as new Build Order

Grumm Terran - Winner!

Build Orders:  

Get SALT Encoding   

  12  0:01  SCV  
  13  0:13  SCV  
  14  0:19  Supply Depot  
  14  0:25  SCV  
  15  0:34  Refinery  
  15  0:42  Barracks  
  15  0:45  SCV  
  16  0:57  SCV  
  17  1:09  SCV  
  17  1:10  Refinery  
  18  1:15  Supply Depot  
  18  1:21  SCV  
  19  1:33  SCV  
  20  1:41  Factory  
  20  1:46  Barracks  
  20  1:48  SCV  
  21  2:01  Barracks Tech Lab  
  21  2:02  SCV  
  22  2:14  Orbital Command  
  22  2:20  Marine  
  23  2:23  Stimpack  
  23  2:37  Starport  
  23  2:52  Marauder, Marine  
  23  2:55  Factory Tech Lab  
  26  2:58  SCV  
  27  3:05  Supply Depot  
  27  3:11  SCV  
  28  3:17  Medivac  
  28  3:19  Marine  
  31  3:26  Supply Depot  
  31  3:27  Marauder  
  31  3:30  Siege Tank  
  36  3:46  Medivac  
  38  3:49  Supply Depot  
  40  3:56  Marauder, Marine  
  41  4:14  Marine  
  43  4:34  Marauder, Marine  
  45  4:52  Marine  
  46  4:56  Command Center  
  46  5:07  Command Center  
  39  5:34  Siege Tank  
  41  5:44  Fusion Core  
  41  5:48  Starport, Barracks Tech Lab  
  41  5:49  Starport  
  41  5:51  Starport Tech Lab  
  41  5:57  SCV  
  42  6:10  SCV  
  43  6:22  Refinery, SCV  
  43  6:25  Refinery x2  
  44  6:27  Refinery  
  44  6:29  SCV  
  44  6:30  SCV  
  46  6:34  SCV  
  47  6:41  SCV  
  44  6:54  Engineering Bay  
  40  6:57  Supply Depot  
  40  7:07  SCV  
  40  7:08  SCV x2  
  43  7:23  Battlecruiser  
  49  7:30  Siege Tank  
  49  7:33  Barracks Reactor x2  
  49  7:36  Planetary Fortress  
  52  7:45  Missile Turret  
  52  8:02  Orbital Command  
  52  8:06  SCV  
  53  8:18  SCV  
  54  8:30  SCV x2  
  54  8:32  SCV  
  63  8:41  Battlecruiser  
  63  8:42  SCV x2  
  63  8:44  SCV  
  65  8:50  Armory  
  65  8:53  Armory  
  65  8:54  SCV x2  
  67  8:56  SCV  
  68  9:06  SCV x2  
  68  9:08  Hi-Sec Auto Tracking  
  68  9:09  SCV  
  71  9:16  Battlecruiser  
  77  9:18  SCV  
  77  9:22  Behemoth Reactor  
  78  9:34  Battlecruiser  
  84  9:42  Marine x4  
  88  9:56  Supply Depot  
  88  9:58  Supply Depot  
  88  10:00  Supply Depot, Marine x4  
  88  10:03  SCV  
  93  10:10  Supply Depot  
  93  10:17  Marine  
  93  10:18  SCV x3  
  97  10:30  SCV x2  
  97  10:31  Battlecruiser  
  105  10:38  Battlecruiser  
  111  10:45  Medivac  
  113  10:54  SCV x3  
  116  11:06  SCV x3  
  119  11:11  Supply Depot  
  119  11:15  Medivac  
  119  11:18  SCV x2  
  123  11:30  Command Center  
  123  11:32  Thor  
  123  11:34  Supply Depot  
  129  11:45  Battlecruiser x2  
  141  11:54  Marine  
  141  11:55  Marine x3  
  141  11:59  Supply Depot  
  145  12:10  Medivac  
  145  12:12  Marine  
  145  12:13  Marine x3  
  151  12:21  Cyclone  
  151  12:22  Supply Depot  
  154  12:30  Marine  
  154  12:31  Marine x3  
  158  12:48  Refinery, Marine x2  
  158  12:49  Medivac, Marine x2  
  164  12:53  Refinery  
  110  15:34  Viking  
  112  15:36  Viking x2  
  112  15:39  Marine x4  
  120  15:56  Marine  
  121  15:57  Marine x3  
  124  16:04  Viking  
  124  16:06  Viking x2  
  124  16:14  Marine  
  124  16:15  Marine x3  
  128  16:32  Marine x3  
  129  16:33  Marine  
  129  16:34  Viking  
  129  16:35  Viking  
  129  16:36  Viking  
  126  16:56  Cyclone  
  126  16:59  Marine  
  126  17:00  Marine x3  
  131  17:04  Viking  
  131  17:05  Viking  
  131  17:06  Viking  
  121  17:17  Marine  
  121  17:18  Marine x3  
  117  17:29  Cyclone  
  118  17:34  Viking  
  118  17:35  Viking, Marine  
  118  17:36  Viking, Marine x3  
  122  17:53  Marine x4  
  126  17:58  Orbital Command  
  126  18:01  Cyclone  
  110  18:33  Cyclone  
  113  18:36  Terran Vehicle And Ship Armor Level 1  
  113  18:39  Terran Ship Weapons Level 1  
  113  18:42  Starport  
  113  18:47  Starport  
  113  18:50  Starport  
  113  18:51  Starport  
  113  18:57  Command Center  
  113  19:05  Cyclone  
  116  19:11  Battlecruiser x3  
  134  19:20  Starport Tech Lab  
  134  19:40  Battlecruiser  
  134  19:44  Starport Tech Lab x2  
  140  19:52  Starport Tech Lab, Refinery  
  140  19:54  Refinery  
  140  20:02  Weapon Refit  
  140  20:10  Battlecruiser x2  
  140  20:11  Battlecruiser  
  158  20:15  Battlecruiser  
  158  20:16  Battlecruiser x2  
  176  20:25  Orbital Command  
  176  20:27  Supply Depot  
  176  20:41  Terran Vehicle And Ship Armor Level 2  
  176  20:44  Battlecruiser, Terran Ship Weapons Level 2  
  182  20:51  Supply Depot  
  182  21:14  Battlecruiser  
  182  21:15  Battlecruiser x2  
  200  21:18  Command Center  
  200  21:19  Refinery  
  200  21:22  Refinery  
  151  23:09  Battlecruiser  
  151  23:10  Battlecruiser x5  
Show
View Real Time Build Order
Export as new Build Order

A.I. 1 (Harder) Protoss 

Build Orders: 1 Gate Expand 

Get SALT Encoding   

  12  0:01  Probe (Chrono Boost)  
  13  0:11  Probe (Chrono Boost)  
  14  0:21  Pylon  
  14  0:22  Probe (Chrono Boost)  
  15  0:39  Probe (Chrono Boost)  
  16  0:50  Probe (Chrono Boost)  
  16  0:51  Gateway  
  17  1:13  Nexus  
  17  1:14  Probe (Chrono Boost)  
  18  1:30  Pylon  
  18  1:33  Assimilator  
  18  1:36  Zealot  
  20  1:45  Cybernetics Core  
  20  1:46  Probe (Chrono Boost)  
  21  1:57  Probe (Chrono Boost)  
  23  2:08  Probe (Chrono Boost)  
  23  2:09  Gateway  
  23  2:17  Assimilator  
  23  2:19  Stalker  
  23  2:25  Pylon  
  23  2:27  Probe (Chrono Boost)  
  26  2:39  Probe (Chrono Boost)  
  27  2:47  Adept  
  27  2:51  Probe (Chrono Boost), Warp Gate  
  30  2:54  Probe (Chrono Boost)  
  30  2:58  Stalker  
  31  3:02  Probe (Chrono Boost)  
  35  3:06  Probe (Chrono Boost)  
  35  3:14  Probe (Chrono Boost)  
  35  3:17  Probe (Chrono Boost)  
  37  3:22  Gateway  
  37  3:25  Stalker, Probe (Chrono Boost)  
  40  3:40  Stalker  
  42  3:53  Assimilator  
  42  3:56  Sentry  
  42  3:59  Pylon  
  44  4:04  Assimilator  
  44  4:14  Robotics Facility  
  44  4:25  Probe (Chrono Boost)  
  44  4:27  Probe (Chrono Boost)  
  46  4:34  Stargate  
  46  4:36  Probe (Chrono Boost)  
  47  4:43  Probe (Chrono Boost)  
  48  4:51  Probe (Chrono Boost)  
  48  4:52  Pylon  
  49  4:55  Probe (Chrono Boost)  
  50  5:00  Immortal  
  50  5:02  Probe (Chrono Boost)  
  50  5:06  Probe (Chrono Boost)  
  50  5:07  Forge  
  57  5:15  Void Ray, Probe (Chrono Boost)  
  57  5:17  Probe (Chrono Boost)  
  56  5:32  Protoss Ground Weapons Level 1  
  56  5:33  Stalker  
  56  5:35  Probe (Chrono Boost)  
  59  5:39  Pylon  
  59  5:41  Probe (Chrono Boost)  
  60  5:46  Probe (Chrono Boost)  
  60  5:48  Zealot  
  63  5:53  Probe (Chrono Boost)  
  65  5:58  Probe (Chrono Boost)  
  65  6:03  Stalker  
  68  6:04  Probe (Chrono Boost)  
  68  6:07  Pylon  
  68  6:09  Probe (Chrono Boost)  
  69  6:16  Probe (Chrono Boost)  
  69  6:18  Zealot  
  72  6:20  Probe (Chrono Boost)  
  73  6:27  Probe (Chrono Boost)  
  73  6:29  Pylon  
  73  6:31  Probe (Chrono Boost)  
  75  6:33  Zealot  
  75  6:38  Probe (Chrono Boost)  
  78  6:45  Probe (Chrono Boost)  
  76  6:48  Stalker  
  76  6:50  Pylon, Probe (Chrono Boost)  
  79  6:56  Probe (Chrono Boost)  
  80  7:03  Stalker  
  80  7:06  Twilight Council  
  82  7:13  Pylon  
  82  7:18  Observer, Stalker, Protoss Ground Armor Level 1  
  85  7:28  Photon Cannon  
  85  7:32  Blink  
  85  7:33  Stalker, Photon Cannon  
  85  7:35  Pylon  
  87  7:38  Observer, Pylon  
  87  7:41  Pylon  
  88  7:48  Forge, Stalker  
  90  8:01  Photon Cannon  
  90  8:03  Sentry  
  90  8:04  Photon Cannon  
  92  8:15  Immortal  
  96  8:30  Void Ray  
  100  9:15  Protoss Ground Weapons Level 2  
  100  9:21  Warp Prism  
  100  9:29  Gateway  
  100  9:30  Nexus  
  102  9:32  Protoss Ground Armor Level 2  
  102  9:35  Robotics Bay  
  102  9:41  Fleet Beacon  
  102  9:45  Pylon  
  102  9:46  Robotics Facility  
  102  9:49  Stargate  
  102  9:54  Warp Prism  
  104  10:05  Pylon  
  100  10:19  Gravitic Drive  
  100  10:25  Tempest  
  100  10:26  Protoss Air Weapons Level 1, Gateway  
  104  10:28  Warp Prism  
  104  10:33  Observer  
  108  10:43  Probe x2 (Chrono Boost)  
  108  10:44  Probe (Chrono Boost)  
  110  10:53  Immortal  
  110  10:55  Assimilator, Probe (Chrono Boost)  
  110  10:56  Nexus  
  116  10:57  Pylon  
  116  10:58  Probe (Chrono Boost)  
  116  10:59  Probe (Chrono Boost)  
  116  11:00  Colossus, Pylon  
  116  11:03  Stargate  
  117  11:11  Observer Gravitic Boosters  
  123  11:15  Assimilator  
  123  11:17  Probe (Chrono Boost)  
  125  11:18  Probe (Chrono Boost), Templar Archives  
  125  11:19  Protoss Shields Level 1  
  125  11:23  Photon Cannon  
  125  11:24  Photon Cannon  
  125  11:26  Colossus  
  131  11:33  Dark Shrine  
  131  12:07  Protoss Air Armor Level 1  
  131  12:21  Assimilator  
  131  12:23  Pylon  
  131  12:27  Pylon  
  131  12:28  Assimilator  
  131  12:49  Photon Cannon  
  131  12:51  Photon Cannon  
  131  13:06  Protoss Shields Level 2  
  131  13:19  Protoss Ground Weapons Level 3  
  131  13:22  Psionic Storm  
  131  13:23  Extended Thermal Lance  
  131  13:27  High Templar  
  131  13:32  Zealot  
  135  13:36  Stalker  
  135  13:40  Stalker  
  137  13:45  Zealot  
  125  13:51  High Templar  
  111  13:56  Stalker, Protoss Air Weapons Level 2  
  111  14:01  Sentry  
  105  14:04  Stalker  
  105  14:05  Zealot  
  91  14:18  High Templar  
  91  14:21  Mothership Core (Chrono Boost)  
  91  14:22  Zealot  
  91  14:23  Stalker  
  99  14:24  Stalker  
  99  14:25  Stalker  
  89  14:35  Probe (Chrono Boost)  
  89  14:36  Probe (Chrono Boost)  
  78  14:40  Probe (Chrono Boost)  
  78  14:42  Stalker  
  82  14:45  Stalker  
  82  14:47  Probe x2 (Chrono Boost), Stalker  
  82  14:49  Stalker  
  82  14:50  Zealot  
  82  14:51  Probe (Chrono Boost)  
  86  14:54  Void Ray  
  86  14:56  Nexus  
  97  15:00  Mothership Core (Chrono Boost), Probe (Chrono Boost)  
  97  15:02  Probe (Chrono Boost)  
  97  15:03  High Templar  
  96  15:07  Stalker  
  96  15:11  Pylon  
  96  15:12  Stalker, Zealot  
  94  15:16  Stalker  
  96  15:25  Pylon  
  91  15:29  Stalker  
  91  15:31  Zealot  
  93  15:35  Void Ray  
  93  15:37  Stalker  
  93  15:40  Pylon  
  93  15:41  Stalker  
  101  15:43  Void Ray, Pylon  
  101  15:46  Void Ray  
  101  15:48  Immortal  
  96  15:51  Sentry  
  96  15:52  Nexus  
  96  15:53  Probe (Chrono Boost)  
  96  15:55  High Templar  
  96  15:56  Probe (Chrono Boost)  
  89  16:00  Sentry  
  89  16:03  Zealot  
  83  16:04  Probe (Chrono Boost)  
  75  16:14  High Templar  
  73  16:18  High Templar  
  73  16:21  Zealot  
  73  16:22  Probe (Chrono Boost)  
  70  16:26  Stalker  
  53  16:40  Nexus  
  53  16:44  High Templar  
  49  16:48  Probe (Chrono Boost)  
  49  16:53  Probe (Chrono Boost)  
  48  16:59  Probe (Chrono Boost)  
  49  17:07  Probe (Chrono Boost)  
  50  17:12  Probe (Chrono Boost)  
  51  17:18  Probe (Chrono Boost)  
  49  17:23  Probe (Chrono Boost)  
  49  17:28  Probe (Chrono Boost)  
  46  17:33  Probe (Chrono Boost)  
  47  17:39  Probe (Chrono Boost)  
  47  17:42  Probe (Chrono Boost)  
  47  17:43  Archon  
  49  17:46  High Templar  
  49  17:51  Probe (Chrono Boost)  
  52  17:56  Probe (Chrono Boost)  
  53  17:59  Probe (Chrono Boost)  
  53  18:02  Probe (Chrono Boost)  
  55  18:06  Probe (Chrono Boost)  
  55  18:10  Probe (Chrono Boost)  
  53  18:16  Zealot  
  56  18:20  Probe (Chrono Boost)  
  56  18:21  Probe (Chrono Boost)  
  56  18:25  Probe (Chrono Boost)  
  58  18:27  Probe (Chrono Boost)  
  58  18:31  Probe (Chrono Boost)  
  58  18:33  Probe (Chrono Boost)  
  61  18:36  Probe (Chrono Boost)  
  61  18:39  Probe (Chrono Boost)  
  64  18:41  Probe (Chrono Boost)  
  64  18:43  Probe (Chrono Boost)  
  64  18:46  Probe (Chrono Boost)  
  64  18:48  Probe (Chrono Boost)  
  67  18:50  Probe (Chrono Boost)  
  67  18:53  Probe (Chrono Boost)  
  67  18:54  Probe (Chrono Boost)  
  70  18:57  Probe (Chrono Boost)  
  70  18:59  Probe (Chrono Boost)  
  70  19:01  Probe (Chrono Boost)  
  73  19:03  Probe (Chrono Boost)  
  74  19:12  Probe (Chrono Boost)  
  75  19:17  Gateway  
  75  19:19  Stargate  
  75  19:22  Zealot  
  77  19:27  Stalker  
  79  19:32  Stalker  
  79  19:37  Sentry  
  83  19:41  Adept  
  83  19:42  Void Ray  
  89  19:53  Colossus  
  95  20:05  Tempest  
  99  20:14  Zealot  
  99  20:18  Zealot  
  103  20:23  Stalker  
  103  20:27  Stalker  
  107  20:31  Stalker  
  109  20:36  Sentry  
  109  20:40  Adept, Disruptor  
  113  20:44  Disruptor  
  119  20:52  Carrier  
  125  21:11  Carrier, Disruptor  
  125  21:17  Disruptor  
  128  21:21  Probe (Chrono Boost)  
  128  21:22  Probe (Chrono Boost)  
  128  21:25  Probe (Chrono Boost)  
  141  21:26  Probe x2 (Chrono Boost)  
  141  21:32  Protoss Ground Armor Level 3, Probe (Chrono Boost)  
  143  21:33  Probe (Chrono Boost)  
  143  21:36  Probe (Chrono Boost)  
  143  21:37  Probe (Chrono Boost)  
  143  21:38  Probe (Chrono Boost)  
  147  21:43  Probe (Chrono Boost)  
  147  21:45  Probe (Chrono Boost)  
  149  21:48  Probe (Chrono Boost)  
  149  21:49  Probe (Chrono Boost)  
  151  21:55  Graviton Catapult  
  151  22:02  Sentry  
  151  22:07  Stalker  
  137  22:11  Sentry  
  117  22:15  Zealot  
  117  22:20  Zealot  
  117  22:24  Zealot  
  117  22:28  Stalker  
  121  22:30  Immortal  
  125  22:37  Zealot  
  125  22:41  Void Ray, Stalker  
  127  22:46  Stalker  
  127  22:49  Stalker  
  116  22:54  Stalker  
  116  22:56  Stalker  
  105  23:01  Nexus  
  105  23:03  Zealot  
  84  23:08  Zealot  
  84  23:12  Stalker  
  77  23:15  Stalker  
  77  23:18  Stalker  
  73  23:21  Stalker  
  72  23:27  Stalker  
  72  23:33  Stalker  
  67  23:37  Stalker  
  63  23:42  Stalker  
  63  23:47  Nexus  
  63  23:48  Stalker  
  41  23:57  Stalker  
  41  23:58  Pylon  
  35  24:02  Stalker  
  29  24:39  Nexus  
  12  25:45  Nexus  
Tags
 
Add a new tag
Caveats
  • Supply blocks, unpowered buildings, or Contaminate may cause inaccurate times.
  • Supply counts are checked every 10 seconds.